 Dungeon Crawl Stone Soup version 0.32-a0-913-g739538afd8 (webtiles) character file.

Game seed: 8436810869948120197

1635 MachoJfn the Chopper (level 9, -1/59 (69) HPs)
             Began as a Formicid Fighter on Apr 8, 2024.
             Was an Initiate of Gozag.
             Slain by a wight
             ... wielding a +3 trident of freezing
              (4 damage)
             ... on level 7 of the Dungeon on Apr 9, 2024.
             The game lasted 00:21:21 (7589 turns).

MachoJfn the Chopper (Formicid Fighter)             Turns: 7589, Time: 00:21:22

HP:   -1/59 (69)    AC: 15    Str: 31    XL:     9   Next: 18%
MP:   9/9           EV:  7    Int:  8    God:    Gozag
Gold: 295           SH:  5    Dex: 13    Spells: 8/8 levels left

rFire   . . .        a - +3 war axe
rCold   . . .        c - +0 buckler
rNeg    . . .        p - +0 plate armour
rPois   +            (helmet unavailable)
rElec   .            (no cloak)
rCorr   .            (no gloves)
SInv    +            i - +1 pair of boots
Will    .....        (no amulet)
Stlth   x              - ring of poison resistance
HPRegen 0.29/turn    f - +6 ring of strength
MPRegen 0.11/turn

%: no passive effects
@: gold aura, heavily drained
A: permanent stasis, dig shafts and tunnels, antennae 3, four strong arms, sense
surroundings 1
a: Dig, Shaft Self, Renounce Religion, Potion Petition, Call Merchant, Bribe
Branch


You were on level 7 of the Dungeon.
You worshipped Gozag.
Gozag was aware of your devotion.
You visited 2 branches of the dungeon, and saw 8 of its levels.
You also visited: Sewer.

You collected 1275 gold pieces.
You spent 360 gold pieces at shops.
You paid 620 gold pieces to Gozag.

Inventory:

Hand Weapons
 a - a +3 war axe (weapon)
 n - the +7 sling of Pestilence {freeze, Will+ Str+3 Stlth+}
   (You found it on level 5 of the Dungeon)

   Str+3:     It affects your strength (+3).
   Will+:     It increases your willpower.
   Stlth+:    It makes you more stealthy.
Missiles
 e - 77 stones
 l - 3 atropa-tipped darts
 m - 3 poisoned darts
 o - 5 silver javelins
Armour
 c - a +0 buckler (worn)
 i - a +1 pair of boots (worn)
 p - a +0 plate armour (worn)
 v - an orb of guile
Jewellery
 f - a +6 ring of strength (right hand)
 x - a ring of poison resistance (left hand)
Scrolls
 j - 4 scrolls of noise
 k - a scroll of vulnerability
 t - 3 scrolls of poison
 w - a scroll of fog
Potions
 b - a potion of curing
 d - 2 potions of might
 g - a potion of ambrosia
 h - a potion of lignification
 q - 3 potions of haste
 r - a potion of mutation
 s - 4 potions of brilliance
 z - a potion of degeneration


   Skills:
 + Level 5.7 Fighting
 + Level 7.6 Axes
 + Level 6.2 Armour
 + Level 1.6 Dodging
 + Level 2.2 Stealth
 + Level 6.5 Shields


You had 8 spell levels left.
You didn't know any spells.
Your spell library contained the following spells:

 Spells                   Type           Power      Damage    Failure   Level
 Apportation              Tloc           0%         N/A       99%         1
 Necrotise                Necr           0%         1d4       99%         1
 Sting                    Conj/Alch      0%         1d3       99%         1
 Summon Small Mammal      Summ           0%         N/A       99%         1
 Call Imp                 Summ           0%         N/A       99%         2
 Cigotuvi's Dreadful Rot  Necr/Alch/Air  0%         N/A       99%         2
 Sublimation of Blood     Necr           0%         N/A       99%         2
 Dispel Undead            Necr           0%         3d6       100%        4
 Martyr's Knell           Necr/Summ      0%         N/A       100%        4
 Summon Hydra             Summ           0%         N/A       100%        7


Dungeon Overview and Level Annotations

Branches:
Dungeon (7/15)             Temple (1/1) D:5           Sewer (visited)

Altars:
Ashenzari
Cheibriados
Dithmenos
Elyvilon
Fedhas
Gozag
Hepliaklqana
Kikubaaqudgha
Makhleb
Nemelex Xobeh
Okawaru
Qazlal
Sif Muna
Uskayaw
Vehumet
Xom
Yredelemnul
Zin
The Shining One

Shops:
D:6 =


Innate Abilities, Weirdness & Mutations

You cannot be hasted, slowed, berserked, paralysed or teleported.
You can dig through walls and to a lower floor.
You have a pair of large antennae on your head. (SInv)
Your four strong arms can wield two-handed weapons with a shield.
You passively map a small area around you.


Message History

The wight hits you with a +3 trident of freezing.
The wight freezes you.
The wight hits you with a +3 long sword of freezing!
The wight freezes you.
Unknown command.
Okay, then.
Okay, then.
You are confused.
You feel invigorated.
The wight hits you with a +3 trident of freezing!
* * * LOW HITPOINT WARNING * * *
The wight freezes you.
* * * LOW HITPOINT WARNING * * *
The wight hits you with a +3 long sword of freezing!
* * * LOW HITPOINT WARNING * * *
You feel drained.
* * * LOW HITPOINT WARNING * * *
The wight freezes you.
* * * LOW HITPOINT WARNING * * *
Unknown command.
You feel much better.
The wight hits you but does no damage. x2
Unknown command.
You feel less invigorated.
You feel less confused.
The wight hits you from afar with a +3 trident of freezing!
* * * LOW HITPOINT WARNING * * *
The wight freezes you.
* * * LOW HITPOINT WARNING * * *
You closely miss the wight.
The wight is severely damaged.
The wight hits you but does no damage. x2
The wight hits you from afar with a +3 trident of freezing!
* * * LOW HITPOINT WARNING * * *
The wight freezes you.
* * * LOW HITPOINT WARNING * * *
You slash the wight!
You destroy the wight!
The wight hits you from afar with a +3 trident of freezing.
You die...
Your body crumbles into a pile of gold.

* #.#.....#.# **
#.#....##<# ,+.
#.#.......# , ,
,#.* #......#..#
,#. #,#.#..#.#[.#
#. #.#....#.#..#
#z#.#........#..#
#.#..........#..#
#.#######@...#..#
###......z$....#..#
#......).......#..#
#.########.##..#..#
# #.....#..#### *
#####.#.....# *
#.#.###.# * * #.#.#
,# * ######.#.# *


You could see a wight.

Vanquished Creatures
  Jeremiah (D:7)
  An ice beast (D:7)
  An orc warrior (D:6)
  2 phantoms
  A scorpion (D:4)
  3 wights (D:7)
  A howler monkey (D:4)
  A jelly (D:6)
  A bombardier beetle (D:4)
  6 orc priests
  A hound (D:6)
  2 sleepcaps (D:6)
  Jessica (D:2)
  6 iguanas
  An orc wizard (D:6)
  6 adders
  5 river rats (Sewer)
  3 white imps
  6 ufetubi (D:5)
  2 dart slugs
  A ribbon worm (D:2)
  12 orcs
  5 endoplasms
  2 giant cockroaches
  4 goblins
  6 hobgoblins
  12 jackals
  3 quokkas
  17 ball pythons
  11 bats
  5 frilled lizards
  25 kobolds
  20 rats
174 creatures vanquished.

Vanquished Creatures (collateral kills)
  A frilled lizard (D:1)
1 creature vanquished.

Grand Total: 175 creatures vanquished

Notes
Turn   | Place    | Note
-------+----------+-------------------------------------------
     0 | D:1      | MachoJfn the Formicid Fighter began the quest for the Orb.
     0 | D:1      | Reached XP level 1. HP: 18/18 MP: 1/1
    51 | D:1      | Reached XP level 2. HP: 24/24 MP: 2/2
   271 | D:1      | Found a faded altar of an unknown god.
   279 | D:1      | Prayed at the altar of an unknown god.
   279 | D:1      | Became a worshipper of Gozag Ym Sagoz the Greedy
   298 | D:1      | Reached XP level 3. HP: 29/29 MP: 3/3
   461 | D:2      | Noticed Jessica
   477 | D:2      | Killed Jessica
   542 | D:2      | Reached XP level 4. HP: 37/37 MP: 4/4
   661 | D:2      | Reached skill level 5 in Shields
  1273 | D:3      | Found a glowing golden altar of the Shining One.
  1469 | D:3      | Reached XP level 5. HP: 33/42 MP: 5/5
  1560 | D:3      | Found a shadowy altar of Dithmenos.
  1732 | D:3      | Reached skill level 3 in Axes
  1746 | D:3      | Reached XP level 6. HP: 28/48 MP: 6/6
  1956 | D:3      | Found a basalt altar of Yredelemnul.
  2059 | D:3      | Reached skill level 4 in Axes
  2459 | D:4      | Found a glowing silver altar of Zin.
  2527 | D:4      | Found a glowing drain.
  2540 | Sewer    | Entered a sewer
  2552 | Sewer    | Reached skill level 1 in Stealth
  3506 | D:4      | Reached XP level 7. HP: 44/54 MP: 7/7
  3555 | D:4      | Reached skill level 5 in Axes
  3555 | D:4      | Reached skill level 1 in Dodging
  4226 | D:4      | Found a hazy altar of Hepliaklqana.
  4421 | D:5      | Entered Level 5 of the Dungeon
  4430 | D:5      | Identified the +7 sling of Pestilence {freeze, Will+ Str+3
                  | Stlth+}
  4493 | D:5      | Found a stormy altar of Qazlal.
  4612 | D:5      | Reached skill level 6 in Axes
  4612 | D:5      | Reached XP level 8. HP: 55/61 MP: 8/8
  4929 | D:5      | Found a staircase to the Ecumenical Temple.
  4968 | Temple   | Entered the Ecumenical Temple
  5543 | D:5      | Gained mutation: You passively map a small area around you.
                  | [potion of mutation]
  5543 | D:5      | Gained mutation: Your spells are a little easier to cast,
                  | but a little less powerful. [potion of mutation]
  5543 | D:5      | Lost mutation: Your spells are a little easier to cast, but
                  | a little less powerful. [potion of mutation]
  5679 | D:6      | Reached skill level 5 in Armour
  5756 | D:6      | Reached skill level 5 in Fighting
  6261 | D:6      | Found Haihayfa's Jewellery Boutique.
  6276 | D:6      | Bought a +6 ring of strength for 360 gold pieces
  6683 | D:7      | Noticed Jeremiah
  6939 | D:7      | HP: 2/49 [Jeremiah/+2 trident of draining (2)]
  6940 | D:7      | Killed Jeremiah
  6941 | D:7      | Reached skill level 7 in Axes
  6941 | D:7      | Reached XP level 9. HP: 3/68 MP: 9/9
  7588 | D:7      | HP: 2/59 [wight/+3 trident of freezing (3)]
  7589 | D:7      | Slain by a wight

Illustrated notes

Levels and vault maps discovered:
D:1:      dpeg_arrival_rhombus, layout_rooms,
          ebering_ecumenical_altar_abandoned, serial_park_tiny_1,
          chequers_serial_rivers_micro_e
D:2:      layout_rooms, grunt_decor_fettered, uniq_jessica
D:3:      layout_basic, nicolae_dithmenos_through_a_glass_darkly,
          general_overflow_altar, tso_metal_star, minmay_fountain_box
D:4:      layout_loops_ring, mainiacjoe_overflow_brackets,
          nicolae_hepliaklqana_hippocampus, cheibrodos_sewer_entry_sluice,
          chequers_serial_rivers_micro_a, chequers_jeans
D:5:      layout_cave_pods, nicolae_qazlal_general_emergency,
          minmay_temple_entry_grid, serial_co_window_serial,
          co_window_of_opportunity_a, co_window_paths_b, co_window_corner_a,
          co_window_corner_a, co_window_corner_a, co_window_corner_ca,
          co_window_2corner, co_window_cross_3, co_window_broadway_a,
          co_window_paths_c, co_window_corner_ca, glass_columns_a,
          glass_columns_a, glass_columns_b, glass_columns_a, glass_columns_c
D:6:      layout_loops_ring, serial_shops, shop
D:7:      layout_basic, uniq_jeremiah
Temple:   nicolae_temple_figure_eight

Skill      XL: |  1  2  3  4  5  6  7  8  9 |
---------------+----------------------------+-----
Shields        | 5 6 |  6.5
Fighting       | 4 5 |  5.7
Armour         | 4 5 6 |  6.2
Axes           | 3 4 6 7 |  7.6
Stealth        | 1 2 |  2.2
Dodging        | 1 |  1.6

Action                     |  1- 3 |  4- 6 |  7- 9 || total
---------------------------+-------+-------+-------++-------
  Melee: War axe           |    43 |   245 |   174 ||   462
 Invoke: Potion Petition   |       |     1 |     1 ||     2
    Use: Scroll            |     3 |     9 |     5 ||    17
         Potion            |       |     1 |     8 ||     9
   Stab: Invisible         |       |       |     3 ||     3
 Armour: Scale mail        |    44 |   220 |    33 ||   297
         Chain mail        |       |       |    73 ||    73
         Plate armour      |       |       |    53 ||    53
  Dodge: Dodged            |    37 |   162 |    66 ||   265
  Block: Buckler           |    17 |    94 |    53 ||   164

Table legend: (Time is in decaauts)
 A = Elapsed time spent in this place.
 B = Non-inter-level travel time spent in this place.
 C = Inter-level travel time spent in this place.
 D = Time resting spent in this place.
 E = Time spent auto-exploring this place.
 F = Levels seen in this place.
 G = Mean time per level.
                   A        B        C        D        E       F      G
               +--------+--------+--------+--------+--------+-----+--------+
         Total |   7779 |   7178 |    601 |   1477 |   3814 |   9 |  864.3 |
       Dungeon |   6901 |   6300 |    601 |   1237 |   3541 |   7 |  985.9 |
        Temple |      1 |      1 |      0 |      0 |      0 |   1 |    1.0 |
         Sewer |    875 |    875 |      0 |    240 |    273 |   1 |  875.0 |
               +--------+--------+--------+--------+--------+-----+--------+

Top non-repeatable levels by time:
     D:3: 1357 daAuts
     D:6: 1252 daAuts
     D:5: 1232 daAuts
     D:4: 1173 daAuts
   Sewer: 875 daAuts
     D:7: 718 daAuts
     D:2: 690 daAuts
     D:1: 476 daAuts
  Temple: 1 daAuts
